 Dungeon Crawl Stone Soup version 0.20.1 (webtiles) character file.

6715 dvd the Thaumaturge (level 10, 0/52 HPs)
             Began as a Deep Elf Fire Elementalist on July 2, 2017.
             Was a Believer of Vehumet.
             Slain by a six-headed hydra (9 damage)
             ... on level 8 of the Dungeon.
             The game lasted 00:32:12 (10277 turns).

dvd the Thaumaturge (Deep Elf Fire Elementalist)   Turns: 10277, Time: 00:32:12

Health: 0/52       AC: 10    Str:  5    XL:     10   Next: 74%
Magic:  20/28      EV: 13    Int: 29    God:    Vehumet [**....]
Gold:   246        SH:  0    Dex: 15    Spells: 12/33 levels left

rFire    + + .     SeeInvis .   X - staff of fire
rCold    . . .     Gourm    .   (no shield)
rNeg     . . .     Faith    .   a - +1 leather armour "Ciperuh" {rPois rC- Int+5} (curse)
rPois    +         Spirit   .   J - +0 hat of Ynun Gai {+Blink rF+ rC+} (curse)
rElec    .         Reflect  .   u - +0 cloak
rCorr    .         Harm     .   (no gloves)
MR       +....                  S - +2 pair of boots
Stlth    +++.......             Z - amulet of regeneration
Regen    0.6/turn               V - +2 ring of protection
MPRegen  0.3/turn               i - ring of wizardry

@: no status effects
A: no striking features
a: Renounce Religion, Evoke Blink


You were on level 8 of the Dungeon.
You worshipped Vehumet.
Vehumet was pleased with you.
You were very full.

You visited 2 branches of the dungeon, and saw 9 of its levels.

You collected 448 gold pieces.
You spent 202 gold pieces at shops.

Inventory:

Hand Weapons
 f - a +0 short sword
 q - a +0 vampiric short sword
 C - a +0 quarterstaff
Armour
 a - the cursed +1 leather armour "Ciperuh" (worn) {rPois rC- Int+5}
   (You found it on level 7 of the Dungeon)

   It affects your intelligence (+5).
   It makes you vulnerable to cold.
   It protects you from poison.
   It has a curse placed upon it.
 u - a +0 cloak (worn)
 J - the cursed +0 hat of Ynun Gai (worn) {+Blink rF+ rC+}
   (You found it on level 6 of the Dungeon)

   It protects you from fire.
   It protects you from cold.
   It lets you blink.
   It has a curse placed upon it.
 S - a +2 pair of boots (worn)
Magical Staves
 X - an uncursed staff of fire (weapon)
Jewellery
 e - an uncursed ring of stealth
 h - an uncursed amulet of the gourmand
 i - a ring of wizardry (right hand)
 U - a +3 ring of intelligence
 V - a +2 ring of protection (left hand)
 W - an uncursed ring of wizardry
 Z - an amulet of regeneration (around neck)
Wands
 r - a wand of polymorph (12/24)
 z - a wand of disintegration (14/24)
 G - a wand of flame (28/48)
 K - a wand of paralysis (9/24)
 M - a wand of disintegration (11/24)
 P - a wand of confusion (17/48)
 R - a wand of confusion (0/48)
Scrolls
 k - 3 scrolls of fear {unknown}
 o - 5 scrolls of enchant weapon {unknown}
 p - a scroll of recharging {unknown}
 s - 3 scrolls of remove curse
 v - 2 scrolls of fog {unknown}
 w - 6 scrolls of teleportation {unknown}
 y - a scroll of immolation {unknown}
 A - a scroll of blinking {unknown}
 D - a scroll of enchant armour {unknown}
 I - 2 scrolls of amnesia {unknown}
 N - a scroll of identify
 T - a scroll of summoning {unknown}
 Y - 3 scrolls of vulnerability {unknown}
Potions
 d - 4 potions of curing
 g - 3 potions of brilliance {unknown}
 l - 3 potions of heal wounds {unknown}
 m - 2 potions of agility
 t - 3 potions of magic {unknown}
 x - 4 potions of flight {unknown}
 B - a potion of lignification {unknown}
 E - 2 potions of invisibility {unknown}
 H - 2 potions of mutation {unknown}
 O - a potion of might {unknown}
Books
 b - a book of Flames

   Spells                             Type                      Level
   a - Flame Tongue                   Conjuration/Fire             1
   b - Throw Flame                    Conjuration/Fire             2
   c - Conjure Flame                  Conjuration/Fire             3
   d - Inner Flame                    Hexes/Fire                   3
   e - Sticky Flame                   Conjuration/Fire             4
   f - Fireball                       Conjuration/Fire             5
 L - a book of Geomancy

   Spells                             Type                      Level
   a - Sandblast                      Earth                        1
   b - Passwall                       Transmutation/Earth          2
   c - Stone Arrow                    Conjuration/Earth            3
   d - Petrify                        Transmutation/Earth          4
   e - Lee's Rapid Deconstruction     Earth                        5
 Q - a book of Changes

   Spells                             Type                      Level
   a - Beastly Appendage              Transmutation                1
   b - Sticks to Snakes               Transmutation                2
   c - Spider Form                    Transmutation/Poison         3
   d - Ice Form                       Ice/Transmutation            4
   e - Blade Hands                    Transmutation                5
Comestibles
 c - 5 bread rations
 j - a royal jelly
 n - 7 meat rations
 F - 8 fruits


   Skills:
 + Level 1.2 Fighting
 + Level 1.4 Short Blades
 + Level 3.0 Staves
 + Level 2.1 Armour
 + Level 3.9 Dodging
 + Level 5.4 Stealth
 + Level 12.1 Spellcasting
 + Level 8.6 Conjurations
 + Level 9.3 Fire Magic
 * Level 3.6 Earth Magic
 + Level 1.2 Evocations


You had 12 spell levels left.
You knew the following spells:

 Your Spells              Type           Power        Failure   Level  Hunger
a - Flame Tongue          Conj/Fire      #####        1%          1    None
b - Throw Flame           Conj/Fire      ######       1%          2    None
c - Sticky Flame          Conj/Fire      #######.     1%          4    None
d - Fireball              Conj/Fire      #######...   1%          5    ##.....
e - Stone Arrow           Conj/Erth      ######       1%          3    None
f - Shock                 Conj/Air       ####         1%          1    None
g - Lee's Rapid Deconstr  Erth           #####.....   12%         5    ##.....


Dungeon Overview and Level Annotations

Branches:
Dungeon (8/15)             Temple (1/1) D:4
   Lair: D:8-11

Altars:
Ashenzari
Cheibriados
Dithmenos
Elyvilon
Fedhas
Gozag
Hepliaklqana
Kikubaaqudgha
Makhleb
Nemelex Xobeh
Okawaru
Qazlal
Ru
Sif Muna
Trog
Uskayaw
Vehumet
Xom
Yredelemnul
Zin
The Shining One

Shops:
D:8 [

Annotations:
D:8 1 runed door


Message History

You hit the six-headed hydra.
The six-headed hydra is lightly wounded.
The six-headed hydra closely misses you.
The six-headed hydra bites you.
The six-headed hydra completely misses you.
The six-headed hydra bites you. x2; The six-headed hydra barely misses you.
Unknown command.
Things that are here:
a war axe; a robe You fail to use your ability.
The six-headed hydra misses you. The six-headed hydra barely misses you.
The six-headed hydra bites you. x2
The six-headed hydra closely misses you.
The six-headed hydra bites you.
Unknown command.
You fail to use your ability.
The six-headed hydra bites you but does no damage.
The six-headed hydra bites you. x2; The six-headed hydra bites you! x2
* * * LOW HITPOINT WARNING * * *
The six-headed hydra bites you!
You die...

♣♣P≈≈♣# #####...# #.#.... ♣≈PP##
#.......# #...♣.. #####
#####...##########.....♣ #
##############........##.......
###........................).....
.................................
.############################....
.# ##.D#############.... .#
#.##@........##.#.... .#
##.##.#.#.#.#.##.##... .##
#...##..)....##...#... ..#
#..)##.#.#.#.##...##.. ..##
#.....##.....##.#+#.#.. ...#
#.....##.#.#.##.#.#.##. #..##
#.#####.##...##.##.##.#. ##..# #.
.##.#.##.#...#.## ###.## ..
..##.##)##e..##(#


You could see a six-headed hydra.

Vanquished Creatures
  A centaur warrior (D:8)
  2 two-headed ogres (D:8)
  The ghost of KleinerIrrer the Martial Artist, a novice OpTm (D:7)
  A troll (D:8)
  A hornet (D:8)
  Grinder (D:6)
  Sigmund (D:2)
  Edmund (D:6)
  Menkaure (D:6)
  A water moccasin (D:7)
  4 ice beasts
  2 ogres
  2 orc warriors
  A phantom (D:8)
  A centaur (D:7)
  6 bullfrogs
  A scorpion (D:6)
  3 wights (D:8)
  5 howler monkeys
  9 electric eels
  2 crimson imps
  A bullfrog zombie (D:6)
  7 hounds
  A bullfrog skeleton (D:7)
  An orc priest (D:4)
  A centaur skeleton (D:4)
  A centaur zombie (D:5)
  5 jellies
  4 orc wizards
  4 iguanas
  5 worker ants
  A hound skeleton (D:7)
  2 hound zombies (D:7)
  A worker ant zombie (D:6)
  Robin (D:2)
  4 gnolls
  9 adders
  2 shadow imps
  3 adder skeletons
  An adder zombie (D:8)
  8 worms
  A dart slug (D:2)
  8 leopard geckos
  29 orcs
  6 giant cockroaches
  18 goblins
  5 hobgoblins
  5 jackals
  5 quokkas
  A ball python (D:1)
  12 bats
  7 frilled lizards
  12 kobolds
  A leopard gecko skeleton (D:4)
  A quokka skeleton (D:8)
  9 rats
  4 plants
233 creatures vanquished.

Notes
Turn   | Place    | Note
-------+----------+-------------------------------------------
     0 | D:1      | dvd the Deep Elf Fire Elementalist began the quest for the Orb.
     0 | D:1      | Reached XP level 1. HP: 10/10 MP: 6/6
   139 | D:1      | Reached XP level 2. HP: 13/15 MP: 6/8
   172 | D:1      | Learned a level 2 spell: Throw Flame
   572 | D:1      | Reached XP level 3. HP: 15/19 MP: 3/10
   672 | D:2      | Noticed Robin
   852 | D:2      | Noticed Sigmund
  1248 | D:2      | Reached skill level 4 in Spellcasting
  1556 | D:2      | Reached XP level 4. HP: 20/24 MP: 9/12
  1569 | D:1      | Learned a level 4 spell: Sticky Flame
  1692 | D:2      | Killed Robin
  1886 | D:2      | Killed Sigmund
  1886 | D:2      | Reached XP level 5. HP: 28/28 MP: 0/14
  2087 | D:2      | Reached skill level 5 in Fire Magic
  2433 | D:3      | Reached skill level 5 in Spellcasting
  2433 | D:3      | Reached XP level 6. HP: 31/32 MP: 12/15
  2539 | D:3      | Learned a level 5 spell: Fireball
  4002 | D:4      | Reached skill level 6 in Spellcasting
  4280 | D:4      | Found a staircase to the Ecumenical Temple.
  4289 | Temple   | Entered the Ecumenical Temple
  4453 | Temple   | Became a worshipper of Vehumet
  4577 | D:4      | Reached XP level 7. HP: 36/36 MP: 10/18
  4643 | D:5      | Entered Level 5 of the Dungeon
  4709 | D:5      | Reached skill level 1 in Short Blades
  5163 | D:5      | Reached skill level 7 in Spellcasting
  5322 | D:5      | Reached XP level 8. HP: 31/42 MP: 16/21
  5502 | D:5      | Reached skill level 5 in Conjurations
  5691 | D:6      | Got a steaming hat
  5704 | D:6      | Identified the cursed +0 hat of Ynun Gai {+Blink rF+ rC+} (You found it on level 6 of the Dungeon)
  6000 | D:6      | Reached skill level 8 in Spellcasting
  6109 | D:6      | Learned a level 3 spell: Stone Arrow
  6116 | D:6      | Noticed Grinder
  6118 | D:6      | Killed Grinder
  6262 | D:6      | Reached * piety under Vehumet
  6262 | D:6      | Offered knowledge of Shock by Vehumet.
  6289 | D:6      | Learned a level 1 spell: Shock
  6429 | D:6      | Reached skill level 9 in Spellcasting
  6526 | D:6      | Noticed Edmund
  6533 | D:6      | Killed Edmund
  6681 | D:6      | Noticed Menkaure
  6685 | D:6      | Killed Menkaure
  6767 | D:6      | Reached skill level 1 in Fighting
  6788 | D:6      | Reached XP level 9. HP: 47/47 MP: 20/24
  7547 | D:7      | Reached skill level 1 in Staves
  7547 | D:7      | Reached skill level 10 in Spellcasting
  7552 | D:7      | Reached skill level 1 in Earth Magic
  7570 | D:7      | Noticed KleinerIrrer's ghost (novice OpTm)
  7826 | D:7      | Got a faintly humming leather armour
  7837 | D:7      | Identified the cursed +1 leather armour "Ciperuh" {rPois rC- Int+5} (You found it on level 7 of the Dungeon)
  8054 | D:7      | Offered knowledge of Searing Ray by Vehumet.
  8137 | D:7      | Killed KleinerIrrer's ghost
  8137 | D:7      | Reached ** piety under Vehumet
  8137 | D:7      | Reached skill level 11 in Spellcasting
  8366 | D:7      | Found a deep blue altar of Sif Muna.
  9101 | D:8      | Noticed a two-headed ogre
  9106 | D:8      | Killed a two-headed ogre
  9106 | D:8      | Reached skill level 1 in Armour
  9106 | D:8      | Reached skill level 5 in Stealth
  9106 | D:8      | Reached XP level 10. HP: 52/52 MP: 9/27
  9185 | D:8      | Noticed a deep elf mage
  9338 | D:8      | Found an opulent altar of Gozag.
  9603 | D:8      | Found Iqoem's Antique Armour Boutique.
  9606 | D:8      | Bought a pair of embroidered boots for 202 gold pieces
  9653 | D:8      | Found a runed door.
  9689 | D:8      | Learned a level 5 spell: Lee's Rapid Deconstruction
  9702 | D:8      | Noticed a centaur warrior
  9706 | D:8      | Killed a centaur warrior
  9733 | D:8      | Noticed a two-headed ogre
  9780 | D:8      | Killed a two-headed ogre
  9780 | D:8      | Reached skill level 12 in Spellcasting
  9780 | D:8      | Reached skill level 1 in Evocations
 10264 | D:8      | Noticed a six-headed hydra
 10277 | D:8      | Slain by a six-headed hydra

Skill      XL: |  1  2  3  4  5  6  7  8  9 10 |
---------------+-------------------------------+-----
Fire Magic     | 4 5 6 7 8 9 |  9.3
Spellcasting   | 4 5 6 7 9 11 12 | 12.1
Stealth        | 3 4 5 |  5.4
Conjurations   | 3 4 6 8 |  8.6
Dodging        | 3 |  3.9
Short Blades   | 1 |  1.4
Fighting       | 1 |  1.2
Staves         | 1 3 |  3.0
Earth Magic    | 1 3 |  3.6
Armour         | 1 2 |  2.1
Evocations     | 1 |  1.2

Action                   |  1- 3 |  4- 6 |  7- 9 | 10-12 || total
-------------------------+-------+-------+-------+-------++-------
Melee: Short sword       |     3 |    14 |     1 |       ||    18
       Quarterstaff      |       |       |    38 |    34 ||    72
       Staff             |       |       |       |     1 ||     1
 Cast: Flame Tongue      |    47 |    78 |    50 |     6 ||   181
       Throw Flame       |    29 |    37 |    35 |     2 ||   103
       Sticky Flame      |       |     6 |    31 |     4 ||    41
       Fireball          |       |     1 |    50 |    22 ||    73
       Stone Arrow       |       |       |     5 |     2 ||     7
Evoke: Wand              |       |       |       |     8 ||     8
  Use: Scroll            |       |     3 |       |       ||     3
 Stab: Sleeping          |     1 |     5 |     1 |     1 ||     8
       Confused          |       |       |       |     1 ||     1
  Eat: Chunk             |    12 |    12 |    27 |     3 ||    54
Armor: Robe              |     3 |       |       |       ||     3
       Animal skin       |       |     3 |    11 |       ||    14
       Leather armour    |       |       |     6 |     7 ||    13
Dodge: Dodged            |    23 |    19 |    46 |    36 ||   124
